 Dungeon Sprint DCSS version 0.27-a0-597-g524d869a0f (webtiles) character file.

Game seed: 1862824253836902962

4144 mhtbhm the Severer (level 10, 0/145 HPs)
             Began as a Minotaur Fighter on Mar 12, 2021.
             Was the Champion of Trog.
             Killed from afar by a Hell Sentinel (5 damage)
             ... with an iron shot
             ... in the Dungeon (Sprint VII: "The Pits").
             The game lasted 00:02:26 (1929 turns).

mhtbhm the Severer (Minotaur Fighter)               Turns: 1929, Time: 00:02:26

Health: 0/145      AC: 20    Str: 27    XL:     10   Next: 7%
Magic:  9/9        EV: 10    Int:  5    God:    Trog [******]
Gold:   0          SH: 13    Dex: 10    Spells: 9/9 levels left

rFire    . . .     SeeInvis .   a - +1 broad axe (vorpal)
rCold    . . .     Faith    .   c - +0 kite shield
rNeg     . . .     Spirit   .   b - +4 chain mail
rPois    .         Reflect  .   (helmet restricted)
rElec    .         Harm     .   (no cloak)
rCorr    .         Rampage  .   (no gloves)
Will     .....     NoTele   +   (no boots)
Stlth    ..........             (no amulet)
HPRegen  0.34/turn              m - +3 ring of protection
MPRegen  0.11/turn              n - +3 ring of strength

@: berserking, very quick
A: horns 2, retaliatory headbutt
a: Renounce Religion, Berserk, Trog's Hand, Brothers in Arms


You were in the Dungeon.
You worshipped Trog.
Trog was exalted by your worship.
You visited 1 branch

Inventory:

Hand Weapons
 a - a +1 vorpal broad axe (weapon)
Armour
 b - a +4 chain mail (worn)
 c - a +0 kite shield (worn)
Jewellery
 m - a +3 ring of protection (right hand)
 n - a +3 ring of strength (left hand)
Scrolls
 j - a scroll of blinking
 l - a scroll of summoning
Potions
 d - a potion of might
 e - 6 potions of curing
 f - 8 potions of heal wounds
 g - 4 potions of haste
 h - 4 potions of magic
 i - 5 potions of berserk rage
 k - 2 potions of invisibility


   Skills:
 + Level 12.1 Fighting
 + Level 15.4 Axes
 + Level 14.3 Armour
 + Level 5.0 Dodging
 + Level 1.3 Stealth
 + Level 12.9 Shields


You had 9 spell levels left.
You didn't know any spells.
Your spell library was empty.

Dungeon Overview and Level Annotations

Branches:
Dungeon (1/1)

Altars:
Ashenzari
Cheibriados
Dithmenos
Elyvilon
Fedhas
Gozag
Hepliaklqana
Kikubaaqudgha
Makhleb
Nemelex Xobeh
Okawaru
Qazlal
Ru
Sif Muna
Trog
Uskayaw
Vehumet
Wu Jian
Xom
Yredelemnul
Zin
The Shining One
Beogh
Jiyva
Lugonu


Innate Abilities, Weirdness & Mutations

You have a pair of horns on your head.
You reflexively headbutt those who attack you in melee.


Message History

You kill the jelly!
Trog accepts your kill.
You open the large door.
A Hell Sentinel comes into view.
The Hell Sentinel roars!
The Hell Sentinel gestures at you.
The sphere of damnation explodes!
The damnation engulfs you!!!
There is a large open door to the Hallway of Sentries (Extremely Hard) here.
A red film seems to cover your vision as you go berserk!
You feel yourself moving faster!
You feel mighty! The Hell Sentinel closely misses you.
The Hell Sentinel barely misses you.
You hit the Hell Sentinel but do no damage.
The Hell Sentinel hits you! You block the Hell Sentinel's attack.
You slash the Hell Sentinel!
You headbutt the Hell Sentinel, but do no damage.
The Hell Sentinel is lightly wounded.
The Hell Sentinel hits you!!
The Hell Sentinel hits you but does no damage.
You hit the Hell Sentinel but do no damage.
You headbutt the Hell Sentinel!
The Hell Sentinel is lightly wounded.
You hit the Hell Sentinel but do no damage.
The Hell Sentinel is lightly wounded.
The Hell Sentinel gestures at you.
The sphere of damnation explodes!
The damnation engulfs you!!!
* * * LOW HITPOINT WARNING * * *
The damnation engulfs the Hell Sentinel.
The Hell Sentinel completely resists.
You hit the Hell Sentinel.
You headbutt the Hell Sentinel, but do no damage.
The Hell Sentinel is lightly wounded.
The Hell Sentinel hits you but does no damage.
You block the Hell Sentinel's attack.
You slice the Hell Sentinel!!
The Hell Sentinel is moderately wounded.
You hit the Hell Sentinel.
The Hell Sentinel is heavily wounded.
The Hell Sentinel gestures at you. The iron shot hits you.
You die...

#+# #.# #1#
################@#
.................#
....[............#
+##############..#
#..# #..# #..#
#..# #..#


You could see a Hell Sentinel.

Vanquished Creatures
  A vampire knight (D)
  A vampire mage (D)
  A deep elf pyromancer (D)
  A deep elf zephyrmancer (D)
  A black mamba (D)
  A smoke demon (D)
  A blink frog (D)
  A redback (D)
  An acid dragon (D)
  Duvessa (D)
  A swamp drake (D)
  An ogre (D)
  A centaur (D)
  2 phantoms (D)
  A gnoll sergeant (D)
  Dowan (D)
  A wight (D)
  A hound (D)
  A jelly (D)
  An iron imp (D)
  3 gnolls (D)
  An adder (D)
  A river rat (D)
  An ooze (D)
  2 orcs (D)
  2 bat skeletons (D)
  2 giant cockroaches (D)
  A goblin (D)
  A hobgoblin (D)
  3 jackals (D)
  2 quokkas (D)
  A rat (D)
41 creatures vanquished.

Notes
Turn   | Place    | Note
-------+----------+-------------------------------------------
     0 | D        | mhtbhm the Minotaur Fighter began the quest for the Orb.
     0 | D        | Reached XP level 1. HP: 19/19 MP: 0/0
    19 | D        | Found a bloodstained altar of Trog.
    19 | D        | Found a shimmering blue altar of Sif Muna.
    19 | D        | Found a viscous altar of Jiyva.
    19 | D        | Found a hazy altar of Hepliaklqana.
    19 | D        | Found an opulent altar of Gozag.
    20 | D        | Found a glowing golden altar of the Shining One.
    20 | D        | Found a glowing silver altar of Zin.
    20 | D        | Found a basalt altar of Yredelemnul.
    20 | D        | Found a shimmering altar of Xom.
    20 | D        | Found an ornate altar of the Wu Jian Council.
    20 | D        | Found a sacrificial altar of Ru.
    20 | D        | Found a stormy altar of Qazlal.
    20 | D        | Found an iron altar of Okawaru.
    20 | D        | Found a sparkling altar of Nemelex Xobeh.
    20 | D        | Found a burning altar of Makhleb.
    20 | D        | Found a blossoming altar of Fedhas.
    20 | D        | Found a white marble altar of Elyvilon.
    20 | D        | Found a shadowy altar of Dithmenos.
    20 | D        | Found a snail-covered altar of Cheibriados.
    22 | D        | Found a radiant altar of Vehumet.
    22 | D        | Found a corrupted altar of Lugonu.
    24 | D        | Became a worshipper of Trog the Wrathful
    64 | D        | Reached XP level 2. HP: 20/28 MP: 1/1
   159 | D        | Reached * piety under Trog
   162 | D        | Reached skill level 3 in Axes
   168 | D        | Noticed a phantom
   178 | D        | Killed a phantom
   178 | D        | Reached ** piety under Trog
   179 | D        | Reached skill level 4 in Axes
   179 | D        | Reached skill level 1 in Dodging
   179 | D        | Reached XP level 3. HP: 28/38 MP: 2/2
   179 | D        | Reached XP level 4. HP: 33/45 MP: 3/3
   189 | D        | Reached *** piety under Trog
   327 | D        | Noticed a phantom
   327 | D        | Noticed a gnoll sergeant
   337 | D        | Killed a gnoll sergeant
   338 | D        | Reached skill level 5 in Axes
   338 | D        | Reached XP level 5. HP: 52/52 MP: 4/4
   342 | D        | Reached **** piety under Trog
   350 | D        | Reached skill level 6 in Axes
   361 | D        | Killed a phantom
   362 | D        | Reached skill level 7 in Axes
   363 | D        | Reached ***** piety under Trog
   364 | D        | Reached XP level 6. HP: 36/62 MP: 5/5
   513 | D        | Reached skill level 8 in Axes
   517 | D        | Noticed a blink frog
   538 | D        | Killed a blink frog
   539 | D        | Reached skill level 9 in Axes
   539 | D        | Reached XP level 7. HP: 57/70 MP: 6/6
   543 | D        | Noticed Duvessa
   543 | D        | Noticed Dowan
   547 | D        | Killed Dowan
   567 | D        | Killed Duvessa
   568 | D        | Reached skill level 10 in Axes
   568 | D        | Reached skill level 10 in Armour
   574 | D        | Received a gift from Trog
   767 | D        | Reached skill level 11 in Axes
   767 | D        | Reached skill level 10 in Shields
  1017 | D        | Found a hide-covered altar of Uskayaw.
  1017 | D        | Found an ancient bone altar of Kikubaaqudgha.
  1017 | D        | Found a broken altar of Ashenzari.
  1045 | D        | Noticed a deep elf pyromancer
  1052 | D        | Noticed a fire elemental
  1059 | D        | Killed a deep elf pyromancer
  1060 | D        | Reached skill level 10 in Fighting
  1060 | D        | Reached skill level 12 in Axes
  1060 | D        | Reached XP level 8. HP: 68/79 MP: 7/7
  1202 | D        | Noticed a vampire knight
  1202 | D        | Noticed a deep elf zephyrmancer
  1208 | D        | Killed a deep elf zephyrmancer
  1208 | D        | Paralysed by a vampire knight for 4 turns
  1209 | D        | Reached skill level 13 in Axes
  1213 | D        | Reached ****** piety under Trog
  1222 | D        | Killed a vampire knight
  1223 | D        | Reached skill level 14 in Axes
  1223 | D        | Reached skill level 1 in Stealth
  1223 | D        | Reached XP level 9. HP: 18/89 MP: 8/8
  1452 | D        | Noticed a black mamba
  1455 | D        | Identified the +7 battleaxe "Weak Orb Guardian's Foe"
                  | {flame, *Drain +Fly SInv} (Trog gifted it to you in the
                  | Dungeon)
  1455 | D        | Received a gift from Trog
  1458 | D        | Killed a black mamba
  1629 | D        | Noticed a vampire mage
  1641 | D        | Killed a vampire mage
  1642 | D        | Reached skill level 15 in Axes
  1907 | D        | Noticed a smoke demon
  1911 | D        | Killed a smoke demon
  1912 | D        | Reached skill level 5 in Dodging
  1912 | D        | Reached XP level 10. HP: 97/97 MP: 9/9
  1920 | D        | Noticed a Hell Sentinel
  1926 | D        | HP: 5/145 [Hell Sentinel/damnation (46)]
  1929 | D        | Killed from afar by a Hell Sentinel

Illustrated notes

Levels and vault maps discovered:
D:        pitsprint [storerooms_1, entrance_room_1, metal_vault_5, armoury_1,
          mini_pit_1, grid_room_1, main_hall_1, silver_pit, the_coven_3,
          the_vestibule_1, steel_vault_4, golden_pit, hallway_of_sentries,
          crystal_vault_1, iron_vault_5, final_vault]

Skill      XL: |  1  2  3  4  5  6  7  8  9 |
---------------+----------------------------+-----
Fighting       | 4 6 7 8 9 10 11 12 | 12.1
Armour         | 4 6 7 8 9 11 13 14 | 14.3
Shields        | 4 6 7 8 9 10 12 | 12.9
Axes           | 4 5 7 9 12 14 15 | 15.4
Dodging        | 1 2 3 4 5 |  5.0
Stealth        | 1 |  1.3

Action                   |  1- 3 |  4- 6 |  7- 9 | 10-12 || total
-------------------------+-------+-------+-------+-------++-------
Melee: Hand axe          |    23 |    62 |    41 |       ||   126
       Headbutt          |     6 |    10 |    18 |     3 ||    37
       War axe           |     1 |       |       |       ||     1
       Broad axe         |       |       |    41 |     8 ||    49
Invok: Berserk           |       |     1 |     4 |     1 ||     6
  Use: Potion            |       |       |     2 |       ||     2
Armor: Scale mail        |    11 |     3 |       |       ||    14
       Chain mail        |       |    25 |    38 |     2 ||    65
Dodge: Dodged            |     6 |    19 |    25 |     2 ||    52
Block: Kite shield       |     9 |    35 |    43 |     2 ||    89

Table legend: (Time is in decaauts)
 A = Elapsed time spent in this place.
 B = Non-inter-level travel time spent in this place.
 C = Inter-level travel time spent in this place.
 D = Time resting spent in this place.
 E = Time spent auto-exploring this place.
 F = Levels seen in this place.
 G = Mean time per level.
                   A        B        C        D        E       F      G
               +--------+--------+--------+--------+--------+-----+--------+
         Total |   1974 |   1974 |      0 |   1169 |    295 |   1 | 1974.0 |
       Dungeon |   1974 |   1974 |      0 |   1169 |    295 |   1 | 1974.0 |
               +--------+--------+--------+--------+--------+-----+--------+

Top non-repeatable levels by time:
       D: 1974 daAuts
